 Dungeon Crawl Stone Soup version 0.29.1-2-gbd0b4ee654 (webtiles) character file.

Game seed: 17358314141004318672

1124 mcbry74 the Cleaver (level 8, 0/68 HPs)
             Began as a Hill Orc Fighter on Nov 20, 2022.
             Was a Believer of Okawaru.
             Hit by a boomerang thrown by an orc warrior (10 damage)
             ... on level 6 of the Dungeon.
             The game lasted 00:12:54 (4823 turns).

mcbry74 the Cleaver (Hill Orc Fighter)              Turns: 4823, Time: 00:12:56

Health: 0/68       AC: 14    Str: 21    XL:     8   Next: 35%
Magic:  8/8        EV:  4    Int:  8    God:    Okawaru [**....]
Gold:   291        SH:  9    Dex: 14    Spells: 7/7 levels left

rFire   . . .      SeeInvis .   a - +4 war axe (venom)
rCold   . . .      Faith    .   v - +0 kite shield
rNeg    . . .      Spirit   .   g - +1 plate armour
rPois   .          Reflect  .   x - +0 helmet
rElec   .          Harm     .   (no cloak)
rCorr   .          Rampage  .   (no gloves)
Will    .....                   (no boots)
Stlth   ..........              (no amulet)
HPRegen 0.21/turn               i - +6 ring of dexterity
MPRegen 0.11/turn               (no ring)

@: no status effects
A: hooves 1, clumsy 1, wild magic 1, noise suppression
a: Renounce Religion, Heroism


You were on level 6 of the Dungeon.
You worshipped Okawaru.
Okawaru was pleased with you.
You visited 2 branches of the dungeon, and saw 7 of its levels.

You collected 291 gold pieces.

Inventory:

Hand Weapons
 a - a +4 war axe of venom (weapon)
Missiles
 h - 82 stones (quivered)
 m - 3 boomerangs
 n - 9 poisoned darts
 u - 2 curare-tipped darts
Armour
 g - a +1 plate armour (worn)
 v - a +0 kite shield (worn)
 x - a +0 helmet (worn)
Jewellery
 i - a +6 ring of dexterity (left hand)
Wands
 c - a wand of roots (2)
 z - a wand of light (8)
Scrolls
 f - 2 scrolls of fear
 o - a scroll of identify
 p - 3 scrolls of teleportation {unknown}
 s - 3 scrolls of enchant armour
 A - a scroll of amnesia
Potions
 b - 2 potions of haste {unknown}
 d - 5 potions of might
 e - 3 potions of lignification {unknown}
 j - a potion of magic {unknown}
 k - 2 potions of mutation {unknown}
 l - 3 potions of curing {unknown}
 r - 3 potions of heal wounds
 w - a potion of attraction {unknown}


   Skills:
 - Level 5.0 Fighting
 * Level 8.2 Axes
 + Level 3.0 Throwing
 + Level 5.7 Armour
 + Level 5.5 Shields


You had 7 spell levels left.
You didn't know any spells.
Your spell library contained the following spells:

 Spells                   Type           Power      Damage    Failure   Level
 Sandblast                Erth           0%         2d4       100%        1
 Ensorcelled Hibernation  Hex/Ice        0%         N/A       100%        2
 Passwall                 Tmut/Erth      0%         N/A       100%        2
 Stone Arrow              Conj/Erth      0%         3d7       100%        3
 Swiftness                Air            0%         N/A       100%        3


Dungeon Overview and Level Annotations

Branches:
Dungeon (6/15)             Temple (1/1) D:4

Altars:
Ashenzari
Dithmenos
Elyvilon
Gozag
Hepliaklqana
Kikubaaqudgha
Makhleb
Nemelex Xobeh
Okawaru
Qazlal
Ru
Sif Muna
Trog
Uskayaw
Xom
Yredelemnul


Innate Abilities, Weirdness & Mutations

You have large cloven feet.
You are clumsy. (Dex -2)
Your spells are a little harder to cast, but a little more powerful.
You passively dampen the noise of your surroundings.


Message History

Okawaru accepts your kill.
Your life force feels restored.
Your Throwing skill increases to level 3!
It was a potion of heal wounds.
You feel much better.
The orc warrior throws a boomerang.
You block the boomerang.
The black bear bites you but does no damage.
The black bear claws you.
The black bear claws you but does no damage.
You hit the black bear.
You kick the black bear, but do no damage.
The black bear is severely wounded.
You block the orc's attack.
The orc warrior throws a boomerang.
The boomerang hits you but does no damage.
You block the black bear's attack. x2
The black bear claws you but does no damage.
The orc hits you but does no damage.
The orc warrior hits you from afar with a +0 glaive.
The black bear bites you but does no damage.
The black bear claws you but does no damage. x2
The adder bites you but does no damage.
The orc warrior throws a boomerang.
The boomerang hits you but does no damage.
The black bear goes berserk!
You block the adder's attack. You block the black bear's attack.
The black bear claws you but does no damage. x2
You block the adder's attack. The orc warrior completely misses you.
The orc hits you from afar with a +0 trident.
* * * LOW HITPOINT WARNING * * *
You slash the adder!
You kill the adder!
Okawaru accepts your kill.
You closely miss the black bear. The black bear bites you.
* * * LOW HITPOINT WARNING * * *
The black bear claws you but does no damage.
You block the black bear's attack.
The black bear bites you but does no damage.
You block the black bear's attack. The black bear claws you.
* * * LOW HITPOINT WARNING * * *
The orc completely misses you.
The orc warrior throws a boomerang.
The boomerang hits you!
You die...

#### #####
##...##...##
##..........##
#............####
#..............$.
#?...........###
##......@.....####
##...##.ho.[.....
#### ###o....##
#.......#
#.......#
#!......#
##........
.........
.......##


You could see an orc warrior (very poisoned), a black bear (berserk, poisoned)
and an orc.

Vanquished Creatures
  Duvessa (D:6)
  An ice beast (D:5)
  An ogre (D:4)
  A bullfrog (D:6)
  3 scorpions (D:5)
  Blork the orc (D:6)
  A necrophage (D:6)
  Dowan (D:6)
  3 hounds (D:5)
  A jelly (D:5)
  An iguana (D:5)
  Natasha (twice) (D:4)
  8 adders
  4 gnolls (D:5)
  2 worms
  7 dart slugs
  10 orcs
  11 endoplasms
  5 giant cockroaches
  7 goblins
  5 hobgoblins
  13 jackals
  2 quokkas
  8 ball pythons
  5 bats
  5 frilled lizards
  11 kobolds
  15 rats
135 creatures vanquished.

Notes
Turn   | Place    | Note
-------+----------+-------------------------------------------
     0 | D:1      | mcbry74 the Hill Orc Fighter began the quest for the Orb.
     0 | D:1      | Reached XP level 1. HP: 19/19 MP: 1/1
     1 | D:1      | Found a runed translucent door.
    34 | D:1      | Reached skill level 3 in Axes
    37 | D:1      | Reached XP level 2. HP: 19/27 MP: 2/2
   320 | D:1      | Reached XP level 3. HP: 33/33 MP: 3/3
   956 | D:2      | Reached skill level 4 in Axes
   957 | D:2      | Reached XP level 4. HP: 30/40 MP: 4/4
   967 | D:2      | Found a faded altar of an unknown god.
  1987 | D:3      | Reached XP level 5. HP: 43/47 MP: 5/5
  2624 | D:4      | Found a hide-covered altar of Uskayaw.
  2629 | D:4      | Found a shimmering altar of Xom.
  2637 | D:4      | Found a shadowy altar of Dithmenos.
  2734 | D:4      | Became a worshipper of Xom the Random
  2788 | D:4      | Found a staircase to the Ecumenical Temple.
  2830 | Temple   | Entered the Ecumenical Temple
  2836 | Temple   | Fell from the grace of Xom
  2836 | Temple   | Became a worshipper of Warmaster Okawaru
  3433 | D:4      | Noticed an ogre
  3438 | D:4      | Killed an ogre
  3439 | D:4      | Reached skill level 5 in Axes
  3439 | D:4      | Reached skill level 1 in Throwing
  3439 | D:4      | Reached XP level 6. HP: 24/53 MP: 6/6
  3607 | D:4      | XOM: give mutations
  3607 | D:4      | Gained mutation: You passively dampen the noise of your
                  | surroundings. [Xom's grace]
  3607 | D:4      | Gained mutation: You are robust. (+10% HP) [Xom's grace]
  3607 | D:4      | Gained mutation: Your spells are a little harder to cast,
                  | but a little more powerful. [Xom's grace]
  3607 | D:4      | Gained mutation: You have large cloven feet. [Xom's grace]
  3636 | D:4      | Noticed Natasha
  3641 | D:4      | Killed Natasha
  3671 | D:4      | XOM: noise
  3718 | D:4      | Noticed Natasha
  3729 | D:4      | Killed Natasha
  3937 | D:4      | XOM: summons 4 hostile demons
  3947 | D:4      | XOM: polymorph crimson imp -> quasit
  3974 | D:4      | XOM: give mutations
  3974 | D:4      | Gained mutation: You are clumsy. (Dex -2) [Xom's mischief]
  3974 | D:4      | Lost mutation: You are robust. (+10% HP) [Xom's mischief]
  3977 | D:5      | Entered Level 5 of the Dungeon
  3984 | D:5      | Reached * piety under Okawaru
  3987 | D:5      | Reached skill level 5 in Fighting
  3987 | D:5      | Reached skill level 6 in Axes
  4007 | D:5      | Reached XP level 7. HP: 42/61 MP: 7/7
  4103 | D:5      | XOM: summons 2 hostile demons
  4260 | D:5      | Found an opulent altar of Gozag.
  4308 | D:5      | Found a shimmering blue altar of Sif Muna.
  4314 | D:5      | Reached skill level 5 in Armour
  4573 | D:5      | XOM: summons 1 hostile demon
  4574 | D:5      | Reached ** piety under Okawaru
  4575 | D:5      | Reached skill level 7 in Axes
  4575 | D:5      | Reached skill level 5 in Shields
  4731 | D:6      | Noticed Blork the orc
  4738 | D:6      | Killed Blork the orc
  4739 | D:6      | Reached XP level 8. HP: 65/68 MP: 8/8
  4776 | D:6      | Noticed Dowan
  4777 | D:6      | Noticed Duvessa
  4789 | D:6      | Killed Duvessa
  4790 | D:6      | Reached skill level 8 in Axes
  4793 | D:6      | Killed Dowan
  4806 | D:6      | XOM: 1-stop teleportation journey
  4823 | D:6      | Hit by a boomerang thrown by an orc warrior

Illustrated notes

Levels and vault maps discovered:
D:1:      dpeg_arrival_caged_fury, layout_basic, serial_curves, eino_curves_01,
          eino_curves_03, minmay_hedge_maze
D:2:      layout_basic, hellmonk_ecumenical_altar_lost_god, st_stairs_11
D:3:      layout_loops_ring, st_stairs_14, hangedman_decor_riveting
D:4:      layout_basic, minitemple, minmay_temple_entry_statues_fountains,
          uniq_natasha
D:5:      layout_rooms, grunt_gozag_statues, lemuel_round_altar
D:6:      layout_rooms, minmay_misc_feat_hallway, grunt_decor_junction,
          uniq_blork_the_orc, uniq_duvessa
Temple:   hellmonk_temple_two_chambers

Skill      XL: |  1  2  3  4  5  6  7  8 |
---------------+-------------------------+-----
Axes           | 3 4 5 6 7 8 |  8.2
Fighting       | 4 5 |  5.0
Armour         | 4 5 |  5.7
Shields        | 4 5 |  5.5
Throwing       | 1 2 3 |  3.0

Action                   |  1- 3 |  4- 6 |  7- 9 || total
-------------------------+-------+-------+-------++-------
Melee: War axe           |   106 |   184 |    73 ||   363
       Kick              |       |    11 |    22 ||    33
  Use: Scroll            |       |    11 |       ||    11
       Potion            |       |       |     2 ||     2
Armor: Scale mail        |    16 |       |       ||    16
       Plate armour      |    44 |   155 |    75 ||   274
Dodge: Dodged            |    29 |    42 |    15 ||    86
Block: Buckler           |    19 |    14 |       ||    33
       Kite shield       |       |    56 |    48 ||   104
